 Dungeon Crawl Stone Soup version 0.30.1-11-g7821555f0a (webtiles) character file.

Game seed: 11817165592631930096

336 Peloso the Covered (level 6, -3/53 HPs)
             Began as a Minotaur Fighter on Dec 15, 2023.
             Splashed by a jelly's acid (4 damage)
             ... on level 4 of the Dungeon.
             The game lasted 00:04:18 (2680 turns).

Peloso the Covered (Minotaur Fighter)               Turns: 2680, Time: 00:04:19

Health: -3/53      AC: -5    Str: 21    XL:     6   Next: 28%
Magic:  5/5        EV:  6    Int:  5    God:
Gold:   208        SH:  4    Dex: 11    Spells: 5/5 levels left

rFire   . . .        a - +0 long sword
rCold   . . .        d - +0 buckler
rNeg    . . .        n - +0 plate armour
rPois   .            (helmet restricted)
rElec   .            c - +0 cloak
rCorr   .            (no gloves)
SInv    .            (no boots)
Will    .....        (no amulet) Stlth
                     (no ring)
HPRegen 0.28/turn    (no ring)
MPRegen 0.09/turn

%: no passive effects
@: corroded
A: horns 2, retaliatory headbutt
a: no special abilities


You were on level 4 of the Dungeon.
You visited 1 branch of the dungeon, and saw 4 of its levels.

You collected 208 gold pieces.

Inventory:

Hand Weapons
 a - a +0 long sword (weapon)
Missiles
 u - 2 throwing nets (quivered)
Armour
 b - a +0 scale mail
 c - a +0 cloak (worn)
 d - a +0 buckler (worn)
 f - a +0 chain mail
 n - a +0 plate armour (worn)
Jewellery
 p - an amulet of magic regeneration
 q - a ring of willpower
Scrolls
 e - a scroll of noise {unknown}
 h - a scroll of silence {unknown}
 i - a scroll of vulnerability {unknown}
 j - 2 scrolls of immolation {unknown}
 k - 2 scrolls of magic mapping {unknown}
 l - 2 scrolls of enchant weapon {unknown}
 m - a scroll of fog {unknown}
 o - a scroll of identify {unknown}
 r - a scroll of blinking {unknown}
 s - a scroll of fear {unknown}
 t - a scroll of enchant armour {unknown}
Potions
 g - a potion of might
 v - a potion of brilliance


   Skills:
 + Level 4.7 Fighting
 + Level 4.7 Long Blades
 + Level 6.2 Armour
 + Level 1.3 Dodging
 + Level 0.1 Stealth
 + Level 4.1 Shields


You had 5 spell levels left.
You didn't know any spells.
Your spell library was empty.

Dungeon Overview and Level Annotations

Branches:
Dungeon (4/15)
 Temple: D:4-7

Altars:
Sif Muna
Wu Jian
Xom

Shops:
D:4 :

Annotations:
D:2 Sigmund


Innate Abilities, Weirdness & Mutations

You have a pair of horns on your head.
You reflexively headbutt those who attack you in melee.


Message History

A jelly is nearby!
A jelly is nearby!
A jelly is nearby!
The jelly hits you but does no damage.
You hit the jelly.
Your hands burn!
The jelly is moderately wounded.
The jelly closely misses you.
You hit the jelly.
Your hands burn!
The jelly is moderately wounded.
The jelly hits you but does no damage.
You hit the jelly. The acid corrodes you!
Your hands burn!
The jelly is heavily wounded.
The jelly hits you but does no damage.
You hit the jelly. The acid corrodes you!
Your hands burn!
The jelly is heavily wounded.
The jelly hits you but does no damage.
You hit the jelly but do no damage. The acid corrodes you!
Your hands burn!
The jelly is heavily wounded.
The jelly hits you but does no damage. x2
You completely miss the jelly.
The jelly is heavily wounded.
The jelly hits you.
You are splashed with acid!
You hit the jelly.
Your hands burn!
The jelly is severely wounded.
The jelly barely misses you.
You hit the jelly. The acid corrodes you!
Your hands burn!
You headbutt the jelly, but do no damage.
The jelly is severely wounded.
The jelly hits you. The acid corrodes you!
You are splashed with acid.
* * * LOW HITPOINT WARNING * * *
You hit the jelly but do no damage.
Your hands burn!
* * * LOW HITPOINT WARNING * * *
The jelly is severely wounded.
The jelly hits you.
* * * LOW HITPOINT WARNING * * *
The acid corrodes you!
You are splashed with acid!
* * * LOW HITPOINT WARNING * * *
Okay, then.
You hit the jelly but do no damage.
Your hands burn!
You die...

...#.##.###.##.#..
#......#
........###.##.#...
#......# #...........#..
#..(...# ###..###...##.#
#......# #.(.......#.#
#......#
#..#####....####......#
#......#....#.........#
##........#.#.##......#
#.....J@....(....#####
#..####.##......#...####
#...............#.##...#
#..##.#.##)).#....##...#
#.....#.##.).#..#.##...#
#........#...#....##...#
#.#...............##...#
#.##.##...........##....
#.........†.#'#...##.).#


You could see a jelly.

Vanquished Creatures
  A phantom (D:4)
  An orc priest (D:4)
  Terence (D:2)
  Natasha (thrice) (D:3)
  4 adders
  3 gnolls (D:4)
  A dart slug (D:4)
  6 orcs
  5 endoplasms
  A giant cockroach (D:1)
  8 goblins
  8 hobgoblins
  4 quokkas
  4 ball pythons
  4 bats
  3 frilled lizards (D:1)
  7 kobolds
  A rat (D:1)
65 creatures vanquished.

Notes
Turn   | Place    | Note
-------+----------+-------------------------------------------
     0 | D:1      | Peloso the Minotaur Fighter began the quest for the Orb.
     0 | D:1      | Reached XP level 1. HP: 19/19 MP: 0/0
   259 | D:1      | Reached XP level 2. HP: 27/27 MP: 1/1
   374 | D:1      | Reached skill level 4 in Armour
   715 | D:1      | Reached XP level 3. HP: 32/33 MP: 2/2
   883 | D:2      | Found a shimmering altar of Xom.
   920 | D:2      | Noticed Terence
   993 | D:2      | Killed Terence
  1128 | D:2      | Noticed Sigmund
  1149 | D:2      | Reached skill level 1 in Dodging
  1149 | D:2      | Reached XP level 4. HP: 40/40 MP: 3/3
  1242 | D:3      | Found an ornate altar of the Wu Jian Council.
  1420 | D:3      | Noticed Natasha
  1428 | D:3      | Killed Natasha
  1429 | D:3      | Reached skill level 5 in Armour
  1463 | D:3      | Noticed Natasha
  1490 | D:3      | Killed Natasha
  1491 | D:3      | Reached XP level 5. HP: 12/46 MP: 4/4
  1578 | D:3      | Noticed Natasha
  1616 | D:3      | Killed Natasha
  1657 | D:3      | Found a shimmering blue altar of Sif Muna.
  2255 | D:4      | Noticed a phantom
  2270 | D:4      | Killed a phantom
  2271 | D:4      | Reached skill level 6 in Armour
  2271 | D:4      | Reached XP level 6. HP: 28/53 MP: 5/5
  2393 | D:4      | Found Taudicu's Book Shoppe.
  2679 | D:4      | HP: 1/53 [acid (10)]
  2680 | D:4      | Splashed by a jelly's acid

Illustrated notes

Levels and vault maps discovered:
D:1:      minmay_arrival_open_corners, layout_loops_ring
D:2:      layout_basic, basic_altar, uniq_sigmund, uniq_jessica, uniq_terence
D:3:      layout_basic, mainiacjoe_overflow_24_doors,
          mainiacjoe_overflow_tiny_flanked, uniq_natasha
D:4:      layout_basic, yredelemnul_forgotten_temple_becter, serial_shops,
          nicolae_shop_real_fake_doors

Skill      XL: |  1  2  3  4  5 |
---------------+----------------+-----
Armour         | 4 5 6 |  6.2
Fighting       | 4 |  4.7
Shields        | 4 |  4.1
Long Blades    | 3 4 |  4.7
Dodging        | 1 |  1.3
Stealth        | |  0.1

Action                     |  1- 3 |  4- 6 || total
---------------------------+-------+-------++-------
  Melee: Long sword        |    72 |   122 ||   194
         Headbutt          |     8 |    15 ||    23
    Use: Potion            |     5 |       ||     5
 Armour: Scale mail        |    28 |       ||    28
         Chain mail        |     3 |    41 ||    44
         Plate armour      |       |    47 ||    47
  Dodge: Dodged            |    35 |    54 ||    89
  Block: Buckler           |    10 |    35 ||    45
